 Dungeon Crawl Stone Soup version 0.18-a0-1225-g5d63bca (webtiles) character file.

6 Duffy the Sneak (level 1, -3/9 HPs)
             Began as a Vine Stalker Enchanter on Feb 3, 2016.
             Slain by a kobold
             ... wielding a +0 short sword
              (5 damage)
             ... on level 1 of the Dungeon.
             The game lasted 00:00:20 (236 turns).

Duffy the Sneak (Vine Stalker Enchanter)             Turns: 236, Time: 00:00:20

Health: -3/9       AC:  3    Str: 10    XL:     1   Next: 90%
Magic:  0/4        EV: 12    Int: 15    God:
Gold:   17         SH:  0    Dex: 14    Spells: 1 memorised, 3 levels left

rFire  . . .     SeeInvis .     a - +1 dagger
rCold  . . .     Gourm    .     b - +1 robe
rNeg   . . .     Faith    .     (no shield)
rPois  .         Spirit   +     (no helmet)
rElec  .         Dismiss  .     (no cloak)
rCorr  .         Reflect  .     (no gloves)
SustAt .         Harm     .     (no boots)
MR     .....                    (no amulet)
Stlth  ++........               (no ring)
                                (no ring)

@: not resistant to hostile enchantments, unstealthy
A: fangs 2, regeneration 1, magic shield, antimagic bite, no device heal 3, rot
immunity
a: no special abilities


You were on level 1 of the Dungeon.
You were not hungry.

You visited 1 branch of the dungeon, and saw 1 of its levels.

You collected 17 gold pieces.


Innate Abilities, Weirdness & Mutations

You have extremely sharp teeth.
Your natural rate of healing is unusually fast.
When hurt, damage is shared between your health and your magic reserves.
Your bite disrupts and absorbs the magic of your enemies.
Potions and wands cannot restore your health.
You are immune to rotting.


   Skills:
 + Level 1.2 Short Blades
 - Level 1.5 Dodging
 - Level 3.6 Stealth
 + Level 2.2 Spellcasting
 * Level 3.2 Hexes


You had 3 spell levels left.
You knew the following spells:

 Your Spells              Type           Power        Failure   Level  Hunger
a - Corona                Hex            ##.....      8%          1    #......

Inventory:

Hand Weapons
 a - a +1 dagger (weapon)
Armour
 b - a +1 robe (worn)
Scrolls
 e - a scroll of fear {unknown}
Potions
 f - a potion of heal wounds {unknown}
Books
 c - a book of Maledictions
Comestibles
 d - 2 bread rations

Dungeon Overview and Level Annotations

Branches:
Dungeon (1/15)

Altars:


Message History

You closely miss the kobold. The kobold hits you with a short sword.
You closely miss the kobold. You bite the kobold, but do no damage.
The kobold hits you but does no damage.
You hit the kobold but do no damage. Your bite misses the kobold.
The kobold hits you with a short sword.
You hit the kobold but do no damage. Your bite misses the kobold.
The kobold misses you.
You hit the rat.
The rat is moderately wounded.
The rat bites you but does no damage. The kobold hits you but does no damage.
You hit the rat.
You kill the rat!
The kobold hits you with a short sword!
Ouch! That really hurt!
You are too injured to fight recklessly!
You are too injured to fight recklessly!
You are too injured to fight recklessly!
You are too injured to fight recklessly!
You are too injured to fight recklessly!
You are too injured to fight recklessly!
You are too injured to fight recklessly!
You are too injured to fight recklessly!
You are too injured to fight recklessly!
You are too injured to fight recklessly!
You are too injured to fight recklessly!
You are too injured to fight recklessly!
You are too injured to fight recklessly!
You are too injured to fight recklessly!
You are too injured to fight recklessly!
You are too injured to fight recklessly!
You are too injured to fight recklessly!
You barely miss the kobold. You bite the kobold, but do no damage.
The kobold hits you with a short sword.
Ouch! That really hurt!
You die...

>...........#
.##########.# '### #.##
...# ######..###
...###...###...####
...'.'..).........#######
...###...########........
...# #...#....).....##...
...# #####......@...#
...#######.......K..#
........##..........#
##......##..........#
##......##..........#
##......##..........#
##......#########.#..
##......# .#... ##......#


You could see a kobold.

Action                   || total
-------------------------++-------
Melee: Dagger            ||    35
 Stab: Sleeping          ||     1

Notes
Turn   | Place    | Note
--------------------------------------------------------------
     0 | D:1      | Duffy the Vine Stalker Enchanter began the quest for the Orb.
     0 | D:1      | Reached XP level 1. HP: 9/9 MP: 4/4
    96 | D:1      | Reached skill level 1 in Short Blades
   236 | D:1      | Slain by a kobold

Vault maps used:
D:1:      nagdon_arrival_zigzag_paths

Vanquished Creatures
  3 hobgoblins
  2 kobolds
  A rat
6 creatures vanquished.
